Map: King's Cove LE

Players

iPlayDefense

  • Race: Terran Terran
  • League: Silver
  • Spawn Location: 11:00

MotherNess - Winner!

  • Race: Zerg Zerg
  • League: Silver
  • Spawn Location: 5:00

VOD

Have the link to the VOD?

Description

Time

  • Played on: April 17, 2025, 11:46 a.m.
  • Length: 13:08
Show
View Real Time Build Order
Export as new Build Order

iPlayDefense Terran 

Build Orders:  

Get SALT Encoding   

  12  0:00  SCV  
  13  0:16  Supply Depot  
  13  0:21  Refinery  
  13  0:26  SCV  
  14  0:38  SCV  
  15  0:50  SCV  
  15  0:51  Barracks  
  16  1:02  SCV  
  17  1:14  SCV  
  18  1:26  SCV  
  19  1:38  Barracks Reactor  
  19  1:43  Orbital Command  
  19  1:53  Command Center  
  19  1:58  Refinery  
  19  2:17  Marine x2  
  21  2:24  SCV  
  22  2:35  Marine  
  23  2:41  Supply Depot  
  23  3:02  Marine  
  23  3:03  SCV  
  25  3:07  Orbital Command  
  25  3:15  SCV  
  25  3:16  Marine  
  27  3:20  Marine  
  29  3:27  SCV  
  29  3:28  Supply Depot  
  29  3:34  Marine  
  29  3:38  Marine  
  29  3:39  SCV  
  32  3:41  Factory  
  32  3:45  SCV  
  33  3:49  Supply Depot  
  33  3:51  SCV  
  34  3:58  SCV  
  35  4:03  SCV  
  36  4:10  SCV  
  36  4:12  Supply Depot  
  36  4:14  Barracks x2  
  36  4:15  SCV  
  38  4:21  Engineering Bay  
  38  4:25  SCV  
  38  4:26  Marine x2  
  38  4:27  SCV  
  42  4:32  Factory Tech Lab  
  42  4:37  SCV  
  42  4:39  SCV  
  42  4:44  Marine x2  
  38  4:51  Siege Tank  
  36  5:00  Supply Depot  
  29  5:08  Barracks Tech Lab x2  
  26  5:36  Marine x2  
  27  5:46  Combat Shield  
  27  5:47  Stimpack  
  27  5:53  Siege Tank, Command Center  
  27  5:54  Marine x2  
  32  6:11  Marine  
  32  6:12  Marine  
  32  6:17  SCV  
  35  6:29  SCV  
  36  6:41  SCV  
  37  7:20  Marine x4  
  41  7:30  Supply Depot  
  41  7:32  Supply Depot  
  41  7:37  Marine  
  41  7:38  Marine x3  
  45  7:55  Marine  
  45  7:56  Marine x3  
  45  7:57  Hellion  
  51  8:11  Orbital Command  
  51  8:13  Marine x2  
  51  8:14  Marine x2  
  51  8:18  Hellion  
  57  8:31  Marine x2  
  59  8:40  SCV, Hellion  
  62  8:52  Terran Infantry Weapons Level 1, SCV  
  63  9:01  Hellion  
  65  9:04  SCV  
  65  9:16  SCV  
  66  9:29  SCV, Marine x2  
  66  9:30  Marine  
  70  10:01  Supply Depot x2, Starport  
  70  10:22  Marine x4  
  70  10:23  Supply Depot, SCV, Hellion  
  70  10:24  Supply Depot  
  77  10:35  SCV  
  78  10:39  Starport Reactor  
  78  10:40  Marine x4  
  82  10:44  Hellion  
  82  10:46  Terran Infantry Armor Level 1  
  82  10:47  SCV  
  85  10:58  Marine x4  
  85  10:59  SCV  
  90  11:11  SCV  
  91  11:15  Medivac x2  
  91  11:16  Marine x2  
  91  11:17  Marine x2  
  99  11:23  Supply Depot, SCV  
  100  11:25  Supply Depot  
  100  11:33  Marine x2  
  100  11:35  Armory  
  102  11:44  SCV, Marine x2  
  105  11:49  Supply Depot  
  105  11:51  Marine x2  
  105  11:52  Refinery  
  107  11:56  Refinery  
  107  11:57  SCV  
  108  12:02  Marine x2  
  110  12:09  SCV, Marine x2  
  113  12:20  Marine x2  
  113  12:21  SCV  
  116  12:26  Command Center  
  116  12:27  Marine x2  
Show
View Real Time Build Order
Export as new Build Order

MotherNess Zerg - Winner!

Build Orders: Hatch First 

Get SALT Encoding   

  12  0:01  Drone  
  13  0:13  Overlord  
  13  0:18  Drone  
  14  0:43  Hatchery  
  14  0:45  Drone  
  14  0:54  Drone x2  
  16  1:07  Extractor  
  16  1:08  Drone  
  16  1:16  Spawning Pool  
  15  1:18  Drone  
  16  1:27  Drone  
  18  1:32  Drone  
  18  1:39  Overlord  
  18  1:50  Drone  
  19  1:57  Drone  
  20  2:03  Drone  
  20  2:07  Queen  
  23  2:12  Queen  
  25  2:16  Drone  
  25  2:19  Drone  
  27  2:25  Evolution Chamber  
  27  2:29  Evolution Chamber  
  25  2:32  Zergling x2  
  25  2:35  Drone  
  27  2:38  Drone  
  28  2:44  Metabolic Boost  
  28  2:47  Zergling x2  
  29  2:53  Overlord  
  29  2:56  Zergling x2  
  30  3:07  Overlord  
  30  3:08  Overlord  
  30  3:13  Zerg Melee Weapons Level 1  
  30  3:16  Drone  
  32  3:20  Drone  
  32  3:28  Zergling x6  
  32  3:31  Drone  
  32  3:32  Drone  
  37  3:44  Drone, Zergling x4  
  37  3:45  Overlord  
  40  3:52  Zerg Ground Armor Level 1  
  41  3:55  Drone  
  41  4:00  Drone  
  41  4:01  Drone x2  
  44  4:08  Drone x2  
  44  4:09  Drone  
  47  4:13  Extractor  
  47  4:15  Drone x2  
  48  4:20  Lair  
  45  4:44  Zergling x10  
  48  4:53  Zergling x12  
  54  5:05  Zergling x2  
  54  5:06  Zergling x2  
  56  5:33  Zergling x6  
  56  5:35  Overlord  
  59  5:36  Overlord x2  
  59  5:42  Hydralisk Den  
  58  5:46  Zerg Missile Weapons Level 1  
  51  5:59  Hatchery  
  51  6:01  Zergling x8, Overlord  
  51  6:02  Overlord  
  54  6:15  Hydralisk x2  
  58  6:22  Overlord x2  
  58  6:33  Extractor  
  58  6:39  Drone x2  
  59  6:40  Spine Crawler  
  59  6:42  Extractor  
  55  7:03  Hydralisk x3  
  55  7:05  Zergling x8  
  65  7:18  Drone x3  
  68  7:23  Infestation Pit  
  68  7:26  Zergling x4  
  68  7:27  Zergling x2  
  70  7:30  Queen x3  
  76  7:49  Drone x4  
  76  7:50  Drone x2, Spore Crawler x2  
  80  7:54  Drone, Hydralisk  
  80  7:55  Extractor  
  80  7:58  Hydralisk  
  82  8:01  Muscular Augments  
  84  8:05  Queen  
  84  8:06  Queen x2, Zerg Ground Armor Level 2  
  84  8:12  Zerg Missile Weapons Level 2  
  90  8:26  Swarm Host  
  90  8:27  Overlord x2  
  90  8:28  Zergling x6  
  96  8:36  Hydralisk x2  
  96  8:39  Drone  
  96  8:40  Drone  
  102  8:42  Drone  
  93  9:12  Zergling x4  
  93  9:13  Zergling x2, Hydralisk x5  
  93  9:15  Overlord  
  93  9:16  Hydralisk  
  108  9:37  Hive  
  108  9:39  Drone x3  
  108  9:40  Drone  
  112  9:47  Extractor  
  111  9:56  Zergling x8  
  111  9:57  Zergling x10  
  120  10:21  Hydralisk x2  
  120  10:22  Zerg Melee Weapons Level 2, Hydralisk  
  120  10:24  Grooved Spines  
  120  10:28  Drone x3  
  128  10:29  Overlord  
  128  10:30  Overlord  
  129  10:48  Nydus Network  
  129  10:49  Adrenal Glands  
  128  10:54  Hydralisk x2  
  132  11:06  Hydralisk x3  
  138  11:12  Drone x2  
  138  11:13  Drone x2  
  142  11:31  Drone  
  142  11:32  Drone x3  
  146  11:34  Overlord  
  146  11:41  Hatchery  
  145  11:50  Drone x3  
  145  11:51  Drone  
  145  11:52  Drone  
  145  11:53  Drone x2  
  152  11:56  Overlord  
  152  12:22  Ultralisk Cavern  
  151  12:24  Drone x3  
  151  12:25  Drone  
  151  12:26  Drone  
  156  12:33  Hydralisk x6  
  156  12:34  Hydralisk  
Tags
 
Matchup
TvZ
Replay Pack
DaveSC2
Spawn Locations
Cross Positions
Add a new tag
Caveats
  • Supply blocks, unpowered buildings, or Contaminate may cause inaccurate times.
  • Supply counts are checked every 10 seconds.